 Dungeon Crawl Stone Soup version 0.18.1-48-g4cf74bf (webtiles) character file.

1775 nikopol the Skirmisher (level 8, -2/74 HPs)
             Began as a Minotaur Berserker on Sept 4, 2016.
             Was a Priest of Trog.
             Slain by a gnoll sergeant
             ... wielding a +0 trident
              (5 damage)
             ... on level 5 of the Dungeon.
             The game lasted 00:09:20 (4354 turns).

nikopol the Skirmisher (Minotaur Berserker)         Turns: 4354, Time: 00:09:21

Health: -2/74      AC: 11    Str: 21    XL:     8   Next: 80%
Magic:  7/7        EV:  6    Int:  4    God:    Trog [***...]
Gold:   323        SH:  0    Dex: 15    Spells: 0 memorised, 7 levels left

rFire  . . .     SeeInvis .     a - +0 hand axe
rCold  . . .     Gourm    .     y - +0 chain mail
rNeg   . . .     Faith    .     (no shield)
rPois  .         Spirit   .     (helmet restricted)
rElec  .         Dismiss  .     J - +0 cloak
rCorr  .         Reflect  .     (no gloves)
SustAt .         Harm     .     (no boots)
MR     .....                    (no amulet)
Stlth  ..........               m - ring of flight
                                A - +2 ring of dexterity

@: exhausted, slowed, very slow, not resistant to hostile enchantments,
extremely unstealthy
A: retaliatory headbutt, horns 2
a: Berserk, Trog's Hand, Burn Spellbooks, Renounce Religion, Evoke Flight


You were on level 5 of the Dungeon.
You worshipped Trog.
Trog was most pleased with you.
You were very hungry.

You visited 1 branch of the dungeon, and saw 5 of its levels.

You collected 323 gold pieces.

Inventory:

Hand Weapons
 a - a +0 hand axe (weapon)
Armour
 b - a +0 animal skin
 y - a +0 chain mail (worn)
 J - a +0 cloak (worn)
Jewellery
 m - a ring of flight (right hand)
 o - an uncursed ring of protection from cold
 z - an uncursed ring of positive energy
 A - a +2 ring of dexterity (left hand)
 I - an uncursed ring of protection from magic {unknown}
Scrolls
 d - 6 scrolls of identify {unknown}
 e - a scroll of teleportation {unknown}
 g - 2 scrolls of random uselessness {unknown}
 i - a scroll of blinking {unknown}
 j - a scroll of immolation {unknown}
 k - 2 scrolls of fog {unknown}
 l - 3 scrolls of enchant weapon {unknown}
 n - 2 scrolls of recharging {unknown}
 p - 2 scrolls of fear {unknown}
 q - a scroll of magic mapping {unknown}
 s - a scroll of noise {unknown}
 t - 2 scrolls of amnesia {unknown}
 D - a scroll of remove curse {unknown}
 G - a scroll of enchant armour {unknown}
Potions
 f - 2 potions of heal wounds {unknown}
 r - a potion of resistance {unknown}
 u - 2 potions of haste {unknown}
 v - a potion of brilliance {unknown}
 w - a potion of agility {unknown}
 C - a potion of berserk rage {unknown}
 E - a potion of beneficial mutation {unknown}
 F - a potion of curing {unknown}
 H - a potion of lignification {unknown}
Comestibles
 c - 7 bread rations
 h - a beef jerky
 x - 3 fruits
 B - a meat ration


   Skills:
 + Level 7.8 Fighting
 + Level 7.6 Axes
 + Level 7.3 Armour
 + Level 6.5 Dodging


You had 7 spell levels left.
You didn't know any spells.

Dungeon Overview and Level Annotations

Branches:
Dungeon (5/15)             Temple (0/1) D:5

Altars:
Elyvilon
Gozag
Kikubaaqudgha
Nemelex Xobeh
Pakellas
Sif Muna
Yredelemnul
The Shining One


Innate Abilities, Weirdness & Mutations

You reflexively headbutt those who attack you in melee.
You have a pair of horns on your head.


Message History

Trog accepts your kill.
The gnoll sergeant hits you from afar with a trident.
* * * LOW HITPOINT WARNING * * *
The orc wizard points at you and mumbles some strange words.
The magic dart hits you!
* * * LOW HITPOINT WARNING * * *
The orc hits you but does no damage. The orc wizard closely misses you.
The orc barely misses you. You furiously retaliate!
You headbutt the orc!
You kill the orc!
Trog accepts your kill.
The gnoll sergeant hits you from afar with a trident.
* * * LOW HITPOINT WARNING * * *
The orc wizard mumbles some strange words.
The orc wizard blinks!
There is a stone staircase leading up here.
The orc wizard points at you and mumbles some strange words.
You resist with some effort.
The gnoll sergeant hits you from afar with a trident.
You die...

#....... #.......
#....... ########
#....... #......#
###+#....... #......+
....P.P..P.. #......#
.....PPPP... #......#
.....P..PP..
#...@)g##+##.PPP>.P..
#....ยง.......P.P.PPP.
#.............PPP....
#.........)....PP.P..
#....................
#..o.................
#....................
#....................
###############'#####


You could see a gnoll sergeant and an orc wizard.

Vanquished Creatures
  Grinder (D:5)
  Sigmund (D:4)
  Eustachio (D:4)
  A water moccasin (D:5)
  4 orc warriors (D:5)
  An ice beast (D:5)
  An ogre (D:4)
  Blork the orc (D:5)
  An oklob sapling (D:5)
  A jelly (D:5)
  A hound (D:5)
  5 orc priests
  3 orc wizards
  A worker ant (D:5)
  4 gnolls (D:4)
  7 adders
  An ooze (D:3)
  An adder zombie (D:5)
  3 worms (D:2)
  4 dart slugs
  2 giant geckos (D:5)
  10 orcs
  3 bats
  2 giant cockroaches
  7 goblins
  7 hobgoblins
  2 jackals (D:3)
  A quokka (D:4)
  3 ball pythons
  3 giant newts
  A kobold (D:2)
  7 rats
  A plant (D:5)
92 creatures vanquished.

Notes
Turn   | Place    | Note
--------------------------------------------------------------
     0 | D:1      | nikopol the Minotaur Berserker began the quest for the Orb.
     0 | D:1      | Reached XP level 1. HP: 19/19 MP: 0/0
   832 | D:2      | Reached XP level 2. HP: 20/27 MP: 1/1
  1020 | D:2      | Found an oddly glowing altar of Pakellas.
  1024 | D:2      | Reached XP level 3. HP: 33/33 MP: 2/2
  1077 | D:2      | Found an ancient bone altar of Kikubaaqudgha.
  1223 | D:2      | Reached ** piety under Trog
  1466 | D:3      | Reached XP level 4. HP: 30/41 MP: 3/3
  1479 | D:3      | Reached XP level 5. HP: 22/47 MP: 4/4
  1805 | D:3      | Found a glowing golden altar of the Shining One.
  1822 | D:3      | Found a basalt altar of Yredelemnul.
  2046 | D:3      | Found an opulent altar of Gozag.
  2047 | D:3      | Found a sparkling altar of Nemelex Xobeh.
  2402 | D:3      | Noticed an angel
  2436 | D:4      | Reached skill level 5 in Fighting
  2584 | D:4      | Reached skill level 5 in Axes
  2584 | D:4      | Reached XP level 6. HP: 31/56 MP: 5/5
  2747 | D:4      | Found a deep blue altar of Sif Muna.
  2868 | D:4      | Noticed Sigmund
  2881 | D:4      | Killed Sigmund
  2881 | D:4      | Reached skill level 5 in Armour
  3004 | D:4      | Noticed Eustachio
  3014 | D:4      | Reached *** piety under Trog
  3014 | D:4      | Reached XP level 7. HP: 29/62 MP: 6/6
  3023 | D:4      | Killed Eustachio
  3292 | D:5      | Entered Level 5 of the Dungeon
  3300 | D:5      | Found a white marble altar of Elyvilon.
  3405 | D:5      | Noticed Grinder
  3405 | D:5      | Paralysed by Grinder for 3 turns
  3414 | D:5      | Paralysed by Grinder for 2 turns
  3421 | D:5      | Killed Grinder
  3421 | D:5      | Reached skill level 5 in Dodging
  3421 | D:5      | Reached XP level 8. HP: 34/71 MP: 7/7
  3750 | D:5      | Found a staircase to the Ecumenical Temple.
  4301 | D:5      | Noticed Blork the orc
  4333 | D:5      | Killed Blork the orc
  4353 | D:5      | HP: 3/74 [gnoll sergeant/trident (6)]
  4354 | D:5      | Slain by a gnoll sergeant

Skill      XL: |  1  2  3  4  5  6  7  8 |
---------------+-------------------------+-----
Axes           | 4 5 6 7 |  7.6
Armour         | 3 4 5 6 7 |  7.3
Fighting       | 4 5 6 7 |  7.8
Dodging        | 3 4 5 6 |  6.5

Action                   |  1- 3 |  4- 6 |  7- 9 || total
-------------------------+-------+-------+-------++-------
Melee: Hand axe          |    74 |    95 |   105 ||   274
       Headbutt          |    16 |    21 |    31 ||    68
Invok: Berserk           |       |     1 |     3 ||     4
       Trog's Hand       |       |       |     1 ||     1
  Eat: Chunk             |     2 |     6 |     4 ||    12
       Beef jerky        |       |       |     1 ||     1
Armor: Animal skin       |     8 |       |       ||     8
       Chain mail        |    13 |    45 |    36 ||    94
Dodge: Dodged            |    49 |    46 |    38 ||   133
